 Dungeon Crawl Stone Soup version 0.28-a0-1212-gc6b4282bc0 (webtiles) character file.

Game seed: 2632636127498146566

3036 gohrik the Thaumaturge (level 9, 0/45 HPs)
             Began as a Deep Elf Summoner on Dec 16, 2021.
             Was an Initiate of Fedhas.
             Slain by a hornet (14 damage)
             ... on level 7 of the Dungeon on Dec 21, 2021.
             The game lasted 01:03:24 (8949 turns).

gohrik the Thaumaturge (Deep Elf Summoner)          Turns: 8949, Time: 01:03:25

Health: 0/45       AC:  3    Str:  5    XL:     9   Next: 56%
Magic:  18/25      EV: 14    Int: 25    God:    Fedhas [......]
Gold:   502        SH:  0    Dex: 15    Spells: 14/29 levels left

rFire   + . .      SeeInvis .   p - +4 quarterstaff (chaos)
rCold   x . .      Faith    .   (shield currently unavailable)
rNeg    . . .      Spirit   .   a - +0 robe
rPois   .          Reflect  .   (no helmet)
rElec   .          Harm     .   q - +0 cloak
rCorr   .          Rampage  .   (no gloves)
Will    .....                   (no boots)
Stlth   +++.......              (no amulet)
HPRegen 0.15/turn               c - ring of fire
MPRegen 0.19/turn               y - ring of wizardry

@: no status effects
A: no striking features
a: Renounce Religion


You were on level 7 of the Dungeon.
You worshipped Fedhas.
Fedhas was noncommittal.
You visited 2 branches of the dungeon, and saw 8 of its levels.

You collected 502 gold pieces.

Inventory:

Hand Weapons
 b - a +0 hunting sling
 p - a +4 quarterstaff of chaos (weapon)
Missiles
 h - 17 poisoned darts
 k - 102 stones
Armour
 a - a +0 robe (worn)
 q - a +0 cloak (worn)
Jewellery
 c - a ring of fire (left hand)
 y - a ring of wizardry (right hand)
Wands
 w - a wand of mindburst (19)
Scrolls
 e - 3 scrolls of fog {unknown}
 i - 9 scrolls of identify
 m - 2 scrolls of enchant weapon {unknown}
 n - 3 scrolls of magic mapping
 o - a scroll of amnesia {unknown}
 r - a scroll of fear {unknown}
 s - a scroll of enchant armour {unknown}
 x - a scroll of noise {unknown}
 A - 2 scrolls of summoning {unknown}
Potions
 d - 2 potions of flight
 f - 3 potions of ambrosia {unknown}
 g - a potion of might {unknown}
 j - a potion of curing
 l - a potion of invisibility {unknown}
 t - 2 potions of brilliance {unknown}
 u - a potion of mutation {unknown}
 v - a potion of lignification {unknown}
 z - a potion of heal wounds


   Skills:
 + Level 0.1 Fighting
 + Level 1.6 Staves
 + Level 0.3 Slings
 * Level 5.8 Dodging
 * Level 6.2 Stealth
 * Level 10.7 Spellcasting
 + Level 0.1 Conjurations
 * Level 10.1 Summonings
 + Level 1.3 Air Magic


You had 14 spell levels left.
You knew the following spells:

 Your Spells              Type           Power      Damage    Failure   Level
a - Summon Small Mammal   Summ           100%       N/A       1%          1
b - Call Imp              Summ           59%        N/A       1%          2
c - Searing Ray           Conj           28%        2d5       2%          2
d - Call Canine Familiar  Summ           59%        N/A       1%          3
e - Summon Lightning Spi  Summ/Air       42%        N/A       1%          4
f - Summon Guardian Gole  Hex/Summ       38%        N/A       1%          3

Your spell library contained the following spells:

 Spells                   Type           Power      Damage    Failure   Level
 Apportation              Tloc           26%        N/A       1%          1
 Magic Dart               Conj           56%        1d5       1%          1
 Shock                    Conj/Air       68%        1d7       1%          1
 Corpse Rot               Necr/Air       32%        N/A       2%          2
 Poisonous Vapours        Pois/Air       32%        N/A       2%          2
 Swiftness                Air            20%        N/A       3%          3
 Mephitic Cloud           Conj/Pois/Air  15%        N/A       4%          3
 Ignite Poison            Fire/Tmut/Pois 20%        N/A       6%          3
 Ozocubu's Armour         Ice            13%        N/A       6%          3
 Portal Projectile        Hex/Tloc       26%        N/A       6%          3
 Tukima's Dance           Hex            13%        N/A       6%          3
 Airstrike                Air            10%        N/A       11%         4
 Fulminant Prism          Conj/Hex       6%         3d7       17%         4
 Passage of Golubria      Tloc           13%        N/A       17%         4
 Silence                  Hex/Air        8%         N/A       34%         5
 Freezing Cloud           Conj/Ice/Air   7%         6-21      38%         5
 Alistair's Intoxication  Tmut/Pois      8%         N/A       43%         5
 Blade Hands              Tmut           6%         N/A       43%         5
 Excruciating Wounds      Necr           6%         N/A       43%         5
 Yara's Violent Unravell  Hex/Tmut       6%         3d5       43%         5
 Ozocubu's Refrigeration  Ice            6%         4d6       100%        7
 Lehudib's Crystal Spear  Conj/Erth      6%         10d3      100%        8


Dungeon Overview and Level Annotations

Branches:
Dungeon (7/15)             Temple (1/1) D:6

Altars:
Ashenzari
Cheibriados
Dithmenos
Elyvilon
Fedhas
Hepliaklqana
Kikubaaqudgha
Makhleb
Nemelex Xobeh
Okawaru
Qazlal
Sif Muna
Trog
Uskayaw
Vehumet
Wu Jian
Xom
Yredelemnul
Zin
The Shining One


Message History

The bullfrog zombie hits you but does no damage.
As you read the scroll labelled MIBUAH MYODOTATO, it crumbles to dust.
It is a scroll of identify.
n - 3 scrolls of magic mapping You feel sick.
Your wolf is no longer moving slowly.
Your wolf bites the hornet.
The hornet stings your wolf.
Your wolf seems to slow down.
The bullfrog zombie hits you.
Your wolf bites the hornet!
The hornet completely misses your wolf.
Okay, then.
You feel sick. The hornet misses your wolf.
Your wolf closely misses the hornet.
The bullfrog zombie completely misses you.
You feel sick. The hornet misses your wolf.
Your wolf closely misses the hornet.
The hornet stings your wolf!
Your wolf is poisoned.
Your wolf seems to slow down.
You feel sick. The hornet closely misses your wolf.
Your wolf closely misses the hornet.
Casting: Call Imp (safe; 1% risk of failure)
Confirm with . or Enter, or press ? or * to list all spells.
A shadowy apparition takes form in the air.
You feel sick.
Your wolf dies!
Your wolf's corpse disappears in a puff of smoke!
Your crimson imp disappears in a puff of smoke!
The hornet closely misses your shadow imp.
The bullfrog zombie hits you. The hornet stings your shadow imp!
Your shadow imp dies!
Your shadow imp disappears in a puff of smoke!
The bullfrog zombie hits you but does no damage.
Casting: Call Imp (safe; 1% risk of failure)
Confirm with . or Enter, or press ? or * to list all spells.
The hornet buzzes angrily.
You feel sick. The bullfrog zombie barely misses you.
You feel sick.
You are no longer poisoned.
Your warg closely misses the hornet.
The hornet stings you!
You die...
Fedhas appreciates your contribution to the ecosystem.

###....####.....##..# .
###... ##....####..###.
...## #.<..## ..... ##..
#..### ###..## #
#?#####...# ###..§..#
.##....#....# #.......##
(...........# #...§....# .
#.........####..Z..##.....#
#.....##....##.@y.........#
#.....###...†..h....###..##
#.....###..##...##### .#
###.......###..## ..
##.#.....#..... .
#.#####.##..... ..
.#........ #.# .##.......
#. .##.......


You could see a hornet, a bullfrog zombie (ally target) and a friendly warg
(summoned).

Vanquished Creatures
  A wyvern (D:7)
  An iguana (D:5)
  2 orcs
  A quokka (D:5)
  A bat (D:3)
  A kobold (D:6)
7 creatures vanquished.

Vanquished Creatures (collateral kills)
  Grinder (D:5)
  Eustachio (D:4)
  2 water moccasins (D:6)
  Duvessa (D:4)
  An orc warrior (D:5)
  A sky beast (D:6)
  A black bear (D:5)
  3 ogres (D:5)
  A kobold brigand (D:6)
  A bullfrog (D:6)
  Blork the orc (D:4)
  3 scorpions (D:5)
  Dowan (D:4)
  A howler monkey (D:6)
  4 orc priests
  Crazy Yiuf (D:4)
  2 bullfrog skeletons
  6 iguanas
  2 orc wizards
  A howler monkey zombie (D:6)
  5 adders
  4 gnolls
  A howler monkey skeleton (D:5)
  2 shadow imps (D:5)
  3 worms
  2 dart slugs (D:3)
  18 orcs
  7 endoplasms
  2 giant cockroaches
  7 hobgoblins
  3 jackals (D:2)
  3 quokkas
  5 ball pythons
  A bat (D:1)
  2 frilled lizards (D:3)
  11 goblins
  A jackal skeleton (D:4)
  10 kobolds
  7 rats
129 creatures vanquished.

Vanquished Creatures (others)
  A two-headed ogre (D:5)
1 creature vanquished.

Grand Total: 137 creatures vanquished

Notes
Turn   | Place    | Note
-------+----------+-------------------------------------------
     0 | D:1      | gohrik the Deep Elf Summoner began the quest for the Orb.
     0 | D:1      | Reached XP level 1. HP: 10/10 MP: 6/6
   284 | D:1      | Reached XP level 2. HP: 14/15 MP: 6/8
   489 | D:1      | Learned a level 2 spell: Call Imp
  1508 | D:2      | Learned a level 2 spell: Searing Ray
  1568 | D:2      | Reached skill level 5 in Summonings
  1870 | D:2      | Reached XP level 3. HP: 19/19 MP: 9/9
  2025 | D:2      | Learned a level 3 spell: Call Canine Familiar
  2632 | D:3      | Reached XP level 4. HP: 24/24 MP: 2/11
  3341 | D:3      | Reached XP level 5. HP: 27/28 MP: 13/13
  3346 | D:3      | Learned a level 4 spell: Summon Lightning Spire
  3706 | D:4      | Noticed Blork the orc
  3733 | D:4      | Killed Blork the orc
  4059 | D:4      | Reached skill level 5 in Spellcasting
  4059 | D:4      | Reached XP level 6. HP: 9/32 MP: 11/15
  4318 | D:4      | Noticed Eustachio
  4505 | D:4      | Killed Eustachio
  4750 | D:4      | Noticed Duvessa
  4750 | D:4      | Noticed Dowan
  4763 | D:4      | Killed Duvessa
  4764 | D:4      | Reached XP level 7. HP: 35/36 MP: 9/18
  4768 | D:4      | Killed Dowan
  4887 | D:4      | Learned a level 3 spell: Summon Guardian Golem
  4997 | D:4      | Found a runed translucent door.
  4998 | D:4      | Noticed Crazy Yiuf
  5092 | D:4      | Killed Crazy Yiuf
  5216 | D:5      | Entered Level 5 of the Dungeon
  5376 | D:5      | Found a bloodstained altar of Trog.
  5423 | D:5      | Found a hide-covered altar of Uskayaw.
  5506 | D:5      | Noticed a two-headed ogre
  5691 | D:5      | Noticed Grinder
  5711 | D:5      | Killed Grinder
  5712 | D:5      | Reached XP level 8. HP: 35/41 MP: 16/22
  5925 | D:5      | Reached skill level 1 in Staves
  6032 | D:5      | Reached skill level 5 in Stealth
  6281 | D:5      | Killed a two-headed ogre
  6282 | D:5      | Reached skill level 5 in Dodging
  6282 | D:5      | Reached skill level 1 in Air Magic
  6282 | D:5      | Reached XP level 9. HP: 20/45 MP: 13/24
  6648 | D:6      | Reached skill level 10 in Spellcasting
  6951 | D:6      | Upgraded the game from 0.28-a0-1167-g616b1c6417 to
                  | 0.28-a0-1212-gc6b4282bc0
  6992 | D:6      | Found a staircase to the Ecumenical Temple.
  7047 | D:6      | Reached skill level 10 in Summonings
  7359 | Temple   | Entered the Ecumenical Temple
  8239 | Temple   | Became a worshipper of Fedhas Madash
  8949 | D:7      | Slain by a hornet

Illustrated notes

Levels and vault maps discovered:
D:1:      saegor_arrival_simple_a, layout_basic, minivault_14,
          minmay_tromino_v4_a
D:2:      layout_loops_ring, minmay_misc_feat_columns
D:3:      layout_basic
D:4:      layout_basic, uniq_crazy_yiuf_cottage, uniq_eustachio,
          uniq_blork_the_orc, uniq_duvessa
D:5:      minmay_clustersquares, layout_rooms, mainiacjoe_overflow_two_lobes,
          uniq_grinder
D:6:      layout_basic, minmay_temple_entry_waves
D:7:      layout_cave_pools, grunt_ministairs_3
Temple:   dpeg_five_rooms_temple

Skill      XL: |  1  2  3  4  5  6  7  8  9 |
---------------+----------------------------+-----
Summonings     | 5 6 7 8 9 10 | 10.1
Stealth        | 3 4 5 6 |  6.2
Spellcasting   | 4 5 6 8 9 10 | 10.7
Dodging        | 3 4 5 |  5.8
Staves         | 1 |  1.6
Air Magic      | 1 |  1.3
Fighting       | |  0.1
Slings         | |  0.3
Conjurations   | |  0.1

Action                   |  1- 3 |  4- 6 |  7- 9 || total
-------------------------+-------+-------+-------++-------
Melee: Unarmed           |     1 |       |       ||     1
       Quarterstaff      |       |       |     4 ||     4
 Fire: Hunting sling     |     4 |     1 |       ||     5
 Cast: Summon Small Mamm |    33 |    10 |     8 ||    51
       Call Imp          |    10 |     9 |    19 ||    38
       Call Canine Famil |     8 |    21 |    30 ||    59
       Searing Ray       |       |     2 |     3 ||     5
       Summon Lightning  |       |     3 |    11 ||    14
       Summon Guardian G |       |       |     1 ||     1
  Use: Scroll            |     1 |     2 |     3 ||     6
       Potion            |       |     3 |     1 ||     4
Armor: Robe              |     5 |     1 |     6 ||    12
Dodge: Dodged            |    25 |    23 |    31 ||    79

Table legend: (Time is in decaauts)
 A = Elapsed time spent in this place.
 B = Non-inter-level travel time spent in this place.
 C = Inter-level travel time spent in this place.
 D = Time resting spent in this place.
 E = Time spent auto-exploring this place.
 F = Levels seen in this place.
 G = Mean time per level.
                   A        B        C        D        E       F      G
               +--------+--------+--------+--------+--------+-----+--------+
         Total |   8949 |   8949 |      0 |   2101 |   3829 |   8 | 1118.6 |
       Dungeon |   8035 |   8035 |      0 |   1901 |   3685 |   7 | 1147.9 |
        Temple |    913 |    913 |      0 |    200 |    144 |   1 |  913.0 |
               +--------+--------+--------+--------+--------+-----+--------+

Top non-repeatable levels by time:
     D:4: 1582 daAuts
     D:1: 1484 daAuts
     D:6: 1373 daAuts
     D:5: 1280 daAuts
     D:3: 1204 daAuts
     D:2: 943 daAuts
  Temple: 913 daAuts
     D:7: 167 daAuts
